 Dungeon Crawl Stone Soup version 0.29.1-2-gbd0b4ee654 (webtiles) character file.

Game seed: 44705333975607203

9499 RUZZLEFAZAZZLE the Cleaver (level 11, 0/105 HPs)
             Began as a Hill Orc Fighter on Nov 15, 2022.
             Was a Believer of the Shining One.
             Slain by an orc warrior
             ... wielding a +0 battleaxe
             ... summoned by an orc
              (12 damage)
             ... on level 10 of the Dungeon.
             The game lasted 00:22:21 (9565 turns).

RUZZLEFAZAZZLE the Cleaver (Hill Orc Fighter)       Turns: 9565, Time: 00:22:22

Health: 0/105      AC: 16    Str: 24    XL:     11   Next: 47%
Magic:  11/11      EV:  9    Int: 14    God:    the Shining One [**....]
Gold:   468        SH:  6    Dex: 13    Spells: 10/10 levels left

rFire   + . .      SeeInvis .   a - +1 war axe (protect)
rCold   + . .      Faith    .   c - +0 buckler
rNeg    + . .      Spirit   .   x - +8 scale mail of Jeaczoti {Dex+3}
rPois   +          Reflect  .   (no helmet)
rElec   .          Harm     .   (no cloak)
rCorr   .          Rampage  .   (no gloves)
Will    .....      Rnd*Tele +   (no boots)
Stlth   ..........              (no amulet)
HPRegen 0.27/turn               D - ring of protection from fire
MPRegen 0.12/turn               s - +6 ring of intelligence

@: slowed, glowing, very slow
A: talons 1, cold resistance 1, poison resistance, teleportitis 1
a: Renounce Religion, Divine Shield


You were on level 10 of the Dungeon.
You worshipped the Shining One.
The Shining One was pleased with you.
You visited 2 branches of the dungeon, and saw 11 of its levels.

You collected 468 gold pieces.

Inventory:

Hand Weapons
 a - a +1 war axe of protection (weapon)
Armour
 c - a +0 buckler (worn)
 e - a +3 ring mail of fire resistance
 n - an orb of mayhem
 p - the +1 ring mail "Malek" {Str+4}
   (You found it on level 4 of the Dungeon)

   Str:       It affects your strength (+4).
 x - the +8 scale mail of Jeaczoti (worn) {Dex+3}
   (You acquired it on level 6 of the Dungeon)

   Dex:       It affects your dexterity (+3).
Jewellery
 h - an amulet of the acrobat
 o - a ring of flight
 s - a +6 ring of intelligence (right hand)
 D - a ring of protection from fire (left hand)
Wands
 t - a wand of polymorph (6)
 y - a wand of digging (4)
Scrolls
 f - 2 scrolls of brand weapon
 g - 2 scrolls of enchant armour
 k - 3 scrolls of vulnerability
 l - a scroll of blinking
 q - a scroll of poison
 u - a scroll of enchant weapon
 v - a scroll of magic mapping
 w - a scroll of acquirement
 B - a scroll of identify
Potions
 d - a potion of might
 i - 3 potions of heal wounds
 j - 2 potions of curing
 m - a potion of haste
 r - 2 potions of lignification
 z - a potion of resistance
 C - a potion of magic
 E - a potion of flight {unknown}


   Skills:
 + Level 12.5 Fighting
 + Level 13.3 Axes
 + Level 8.8 Armour
 + Level 8.8 Shields


You had 10 spell levels left.
You didn't know any spells.
Your spell library contained the following spells:

 Spells                   Type           Power      Damage    Failure   Level
 Foxfire                  Conj/Fire      0%         2x1d4     58%         1
 Blink                    Tloc           0%         N/A       75%         2
 Sublimation of Blood     Necr           0%         N/A       75%         2
 Wereblood                Tmut           0%         N/A       75%         2
 Conjure Flame            Conj/Fire      0%         6-21      92%         3
 Inner Flame              Hex/Fire       0%         N/A       92%         3
 Lesser Beckoning         Tloc           0%         N/A       92%         3
 Anguish                  Hex/Necr       0%         N/A       100%        4
 Flame Wave               Conj/Fire      0%         2d4       100%        4
 Manifold Assault         Tloc           0%         N/A       100%        5
 Summon Forest            Summ/Tloc      0%         N/A       100%        5
 Summon Mana Viper        Hex/Summ       0%         N/A       100%        5
 Conjure Ball Lightning   Conj/Air       0%         3x3d6     100%        6
 Summon Cactus Giant      Summ           0%         N/A       100%        6
 Enfeeble                 Hex            0%         N/A       100%        7
 Summon Hydra             Summ           0%         N/A       100%        7
 Discord                  Hex            0%         N/A       100%        8
 Disjunction              Tloc           0%         N/A       100%        8


Dungeon Overview and Level Annotations

Branches:
Dungeon (10/15)            Temple (1/1) D:4
   Lair: D:8-11         Orc: D:9-12

Altars:
Ashenzari
Cheibriados
Dithmenos
Elyvilon
Fedhas
Gozag
Hepliaklqana
Kikubaaqudgha
Makhleb
Nemelex Xobeh
Okawaru
Qazlal
Ru
Sif Muna
Trog
Uskayaw
Vehumet
Wu Jian
Xom
Yredelemnul
Zin
The Shining One

Shops:
D:3 [


Innate Abilities, Weirdness & Mutations

You have sharp toenails.
Your flesh is cold resistant. (rC+)
Your system is resistant to poisons. (rPois)
You are occasionally teleported next to monsters.


Message History

You hit the orc warrior but do no damage.
You hit the yak but do no damage. You slash the yak!
You kill the yak!
You slash the yak!
The yak gores you but does no damage. x2
The yak barely misses you.
The orc priest invokes the aid of Beogh against you.
Beogh smites you!
* * * LOW HITPOINT WARNING * * *
Blink to where?
Press: ? - help, Dir - move target
As you read the scroll of blinking, it crumbles to dust.
Your surroundings suddenly seem different.
An orc wizard comes into view. It is wielding a +0 dagger.
An orc comes into view. It is wielding a +0 whip.
An orc comes into view. It is wielding a +0 flail.
The orc moves out of view.
Blink to where?
Press: ? - help, Dir - move target
As you read the scroll of blinking, it crumbles to dust.
The orc shouts!
The yak bellows!
The kobold shouts!
The red ugly thing gurgles horribly!
The orc shouts!
You hear a bellow!
The orc warrior shouts!
The orc shouts!
The yak bellows!
The orc hits you but does no damage. The orc attacks as you move away!
You block the orc's attack. x2
The orc barely misses you. The orc attacks as you move away!
The orc barely misses you. The orc hits you but does no damage.
The orc warrior attacks as you move away!
The orc warrior barely misses you.
The orc warrior attacks as you move away!
The orc warrior hits you with a +0 battleaxe!
* * * LOW HITPOINT WARNING * * *
The orc warrior closely misses you. You block the orc warrior's attack.
As you open the door, it creaks loudly!
The orc dissolves into shadows!
The orc warrior hits you with a +0 long sword.
* * * LOW HITPOINT WARNING * * *
The orc warrior hits you with a +0 battleaxe!
You die...

....# ...# ...# . ##+# ..# ..
#.. ..# ... #.# ###+ #.#
....########.# ..... #.#
...........o.#..<... #<#
...........oYo@'......
#.##### ....#..#.o###o#......
#...... .
....#.[.#..#Y##########......
..
.#...#.YK#.............#####
...#...#...#...#......####.#
o....#...#...#........# #.#
#...#...#Y)†#......# #.#
#.oK#..Y#...###### #.#
#...#...#..Y#........ #..


You could see 2 yaks, 2 orc warriors and 3 orcs.

Vanquished Creatures
  A two-headed ogre (D:9)
  Erica (D:10)
  Maurice (D:8)
  Psyche (D:8)
  A troll (D:9)
  Prince Ribbit (D:7)
  A hornet (D:7)
  A vampire (D:9)
  13 yaks
  3 wyverns
  5 vampire mosquitoes
  5 water moccasins
  3 sky beasts
  An orc warrior (D:9)
  An ice beast (D:8)
  3 black bears
  2 ogres
  3 centaurs
  2 kobold brigands
  7 bullfrogs
  4 scorpions
  A gnoll sergeant (D:9)
  A necrophage (D:5)
  10 killer bees
  2 howler monkeys (D:7)
  2 jellies (D:5)
  6 orc priests
  A gnoll bouda (D:5)
  5 hounds
  An iguana (D:4)
  Natasha (D:4)
  5 orc wizards
  13 gnolls
  11 adders
  2 white imps (D:5)
  A worm (D:2)
  2 dart slugs
  22 orcs
  9 endoplasms
  3 giant cockroaches
  7 hobgoblins
  6 jackals
  14 kobolds
  3 quokkas
  4 ball pythons
  6 bats
  3 frilled lizards
  A goblin (D:2)
  5 rats
207 creatures vanquished.

Notes
Turn   | Place    | Note
-------+----------+-------------------------------------------
     0 | D:1      | RUZZLEFAZAZZLE the Hill Orc Fighter began the quest for the
                  | Orb.
     0 | D:1      | Reached XP level 1. HP: 19/19 MP: 1/1
    86 | D:1      | Reached skill level 3 in Axes
   217 | D:1      | Reached XP level 2. HP: 16/27 MP: 2/2
   874 | D:2      | Reached XP level 3. HP: 20/34 MP: 3/3
  1008 | D:2      | Reached skill level 4 in Axes
  1263 | D:2      | Reached XP level 4. HP: 41/41 MP: 4/4
  1624 | D:3      | Found a faded altar of an unknown god.
  1626 | D:3      | Reached skill level 5 in Fighting
  1654 | D:3      | Found Ynaolaog's Armour Boutique.
  2286 | D:4      | Reached skill level 5 in Axes
  2302 | D:4      | Reached XP level 5. HP: 43/48 MP: 5/5
  2517 | D:4      | Found a staircase to the Ecumenical Temple.
  2539 | Temple   | Entered the Ecumenical Temple
  2771 | Temple   | Became a worshipper of the Shining One
  2875 | D:4      | Noticed Natasha
  2883 | D:4      | Killed Natasha
  2955 | D:4      | Identified the +1 ring mail "Malek" {Str+4}
  3018 | D:4      | Found a hazy altar of Hepliaklqana.
  3183 | D:5      | Entered Level 5 of the Dungeon
  3407 | D:5      | Reached skill level 6 in Axes
  3407 | D:5      | Reached XP level 6. HP: 57/57 MP: 6/6
  3440 | D:5      | Reached * piety under the Shining One
  3450 | D:5      | Reached skill level 7 in Axes
  3462 | D:5      | Reached XP level 7. HP: 27/66 MP: 7/7
  4216 | D:5      | Found an opulent altar of Gozag.
  4311 | D:5      | Reached skill level 8 in Axes
  4422 | D:5      | Reached XP level 8. HP: 54/74 MP: 8/8
  4956 | D:5      | Found a shimmering blue altar of Sif Muna.
  5031 | D:6      | Reached skill level 9 in Axes
  5293 | D:6      | Gained mutation: A frigid envelope surrounds you and
                  | freezes all who hurt you. [potion of mutation]
  5828 | D:6      | Identified 2 scrolls of acquirement
  5828 | D:6      | Acquired the +8 scale mail of Jeaczoti {Dex+3}
  6104 | D:7      | Reached skill level 10 in Axes
  6104 | D:7      | Reached XP level 9. HP: 77/84 MP: 9/9
  6161 | D:7      | Noticed a hornet
  6170 | D:7      | Killed a hornet
  6171 | D:7      | Reached skill level 5 in Armour
  6171 | D:7      | Reached skill level 5 in Shields
  6237 | D:7      | Reached skill level 10 in Fighting
  6255 | D:7      | Noticed Prince Ribbit
  6262 | D:7      | Killed Prince Ribbit
  6533 | D:7      | Reached skill level 11 in Axes
  6771 | D:7      | Reached XP level 10. HP: 94/94 MP: 10/10
  6962 | D:8      | Noticed Psyche
  6970 | D:8      | Killed Psyche
  7292 | D:8      | Found a large runed translucent door.
  7293 | D:8      | Found a large runed translucent door.
  7407 | D:8      | Lost mutation: A frigid envelope surrounds you and freezes
                  | all who hurt you. [potion of mutation]
  7407 | D:8      | Gained mutation: Your flesh is cold resistant. (rC+)
                  | [potion of mutation]
  7407 | D:8      | Gained mutation: You are occasionally teleported next to
                  | monsters. [potion of mutation]
  7407 | D:8      | Gained mutation: Your system is resistant to poisons.
                  | (rPois) [potion of mutation]
  7407 | D:8      | Gained mutation: You have sharp toenails. [potion of
                  | mutation]
  7424 | D:8      | Noticed Maurice
  7431 | D:8      | Paralysed by Maurice for 2 turns
  7439 | D:8      | Killed Maurice
  7567 | D:8      | Reached ** piety under the Shining One
  7588 | D:8      | Reached skill level 12 in Axes
  8141 | D:8      | Found a sacrificial altar of Ru.
  8144 | D:8      | Found an iron altar of Okawaru.
  8175 | D:9      | Noticed a two-headed ogre
  8391 | D:9      | Reached XP level 11. HP: 104/104 MP: 11/11
  8771 | D:9      | Killed a two-headed ogre
  8772 | D:9      | Reached skill level 13 in Axes
  8984 | D:9      | Found a stormy altar of Qazlal.
  8991 | D:9      | Found an ornate altar of the Wu Jian Council.
  9033 | D:9      | Found a hide-covered altar of Uskayaw.
  9518 | D:10     | Entered Level 10 of the Dungeon
  9534 | D:10     | Noticed Erica
  9545 | D:10     | Noticed a red ugly thing
  9549 | D:10     | Killed Erica
  9565 | D:10     | Slain by an orc warrior

Illustrated notes

Levels and vault maps discovered:
D:1:      amcnicky_arrival_double_pillar, layout_basic
D:2:      layout_rooms
D:3:      layout_loops_ring, serial_shops, nicolae_shop_statue_plus,
          hellmonk_ecumenical_altar_run_dry
D:4:      layout_basic, worldfamousw_hep_ancestral_shrine,
          minmay_temple_entry_nine_rooms, kennysheep_minor_cross, uniq_natasha
D:5:      minmay_evil_eye, layout_basic, grunt_gozag_statues,
          nicolae_overflow_hidden_temple, minmay_misc_feat_chi
D:6:      layout_layer_cave
D:7:      layout_rooms, st_stairs_12, uniq_prince_ribbit1
D:8:      layout_cave_pools, jmf_multi_god_temple2, minmay_misc_feat_pillars,
          uniq_psyche, uniq_maurice
D:9:      layout_irregular_city, nicolae_uskayaw_dance_studio,
          mainiacjoe_overflow_big_doors, hangedman_decor_clover_reticule
D:10:     layout_irregular_city, orc_0_dummy, minmay_misc_feat_plants,
          minivault_14, hex_medium, uniq_erica, uniq_lodul, uniq_nergalle
Temple:   eino_temple_water

Skill      XL: |  1  2  3  4  5  6  7  8  9 10 11 |
---------------+----------------------------------+-----
Axes           | 3 4 5 6 7 8 10 11 12 13 | 13.3
Fighting       | 4 5 6 7 8 9 10 11 12 | 12.5
Armour         | 4 6 8 |  8.8
Shields        | 4 6 8 |  8.8

Action                   |  1- 3 |  4- 6 |  7- 9 | 10-12 || total
-------------------------+-------+-------+-------+-------++-------
Melee: War axe           |    75 |   141 |   156 |   179 ||   551
       Kick              |       |       |       |    68 ||    68
       Unarmed           |       |       |       |    16 ||    16
  Use: Scroll            |       |    13 |     5 |     6 ||    24
       Potion            |       |     3 |     1 |     3 ||     7
Armor: Scale mail        |     3 |       |    28 |   126 ||   157
       Ring mail         |    27 |    50 |    54 |       ||   131
Dodge: Dodged            |    40 |    71 |    90 |   118 ||   319
Block: Buckler           |    13 |    46 |    27 |    63 ||   149
